ITL
TUSCALOOSA TROUT SLAYERS @ PORTLAND PRIVATEERS
07/20/2028
 
TOP OF THE 1ST
Tuscaloosa Trout Slayers batting - Pitching for Portland Privateers : RHP Héctor Negrón
Pitching: RHP Héctor Negrón
Batting: RHB Jason Saunders 0-0: Ball
1-0: Foul Ball, location: 2F
1-1: Ball
2-1: SOLO HOME RUN (Flyball, 7D), Distance : 364 ft
Batting: RHB José Fernández 0-0: Ball
1-0: Ball
2-0: Foul Ball, location: 2F
2-1: Foul Ball, location: 2F
2-2: Ball
3-2: Foul Ball, location: 2F
3-2: Foul Ball, location: 2F
3-2: SINGLE (Line Drive, 7LS)
Batting: LHB Marcos Villarreal 0-0: Called Strike
0-1: SINGLE (Groundball, 4D)
José Fernández to second
Runner from 2nd tries for 3rd, SAFE, throw made to third
Batting: LHB Ed Hart 0-0: Fly out, F7 (Flyball, 7)
Runner from 3rd tags up, SCORES, throw made
Batting: RHB Shigemasa Ishida 0-0: Ball
1-0: Ball
2-0: Ball
3-0: Called Strike
3-1: Foul Ball, location: 2F
3-2: Strikes out looking
Batting: RHB Jason Erickson 0-0: Ball
1-0: Ball
2-0: Fielders Choice at 2nd, 6-4 (Groundball, 6)
Top of the 1st over - 2 run(s), 3 hit(s), 0 error(s), 0 left on base; Tuscaloosa 2 - Portland 0
BOTTOM OF THE 1ST
Portland Privateers batting - Pitching for Tuscaloosa Trout Slayers : LHP José Acevedo
Pitching: LHP José Acevedo
Batting: SHB Patrick Larson 0-0: Ball
1-0: Called Strike
1-1: Swinging Strike
1-2: Ball
2-2: SINGLE (Groundball, 34D)
Batting: RHB Joe Bailey 0-0: Ball
1-0: Called Strike
1-1: Foul Ball, location: 2F
1-2: Foul Ball, location: 2F
1-2: Foul Ball, location: 2F
1-2: Ball
2-2: Ball
3-2: Ground out 6-3 (Groundball, 6)
Patrick Larson to second
Batting: LHB Carter Sweet 0-0: Foul Ball, location: 2F
0-1: Ball
1-1: Called Strike
1-2: Ball
2-2: Strikes out swinging
Batting: SHB Eric Pimentel 0-0: Ball
1-0: Ball
2-0: Ground out 5-3 (Groundball, 56S)
Bottom of the 1st over - 0 run(s), 1 hit(s), 0 error(s), 1 left on base; Tuscaloosa 2 - Portland 0
TOP OF THE 2ND
Tuscaloosa Trout Slayers batting - Pitching for Portland Privateers : RHP Héctor Negrón
Batting: RHB Juan Reyes 0-0: Foul Ball, location: 2F
0-1: Foul Ball, location: 2F
0-2: Foul Ball, location: 2F
0-2: Foul Ball, location: 2F
0-2: Ground out 4-3 (Groundball, 4)
Batting: RHB Kurt Walter 0-0: Ball
1-0: Ball
2-0: SINGLE (Line Drive, 56)
Batting: RHB Tetsunori Ito 0-0: Called Strike
0-1: Ball
1-1: Called Strike
Throwing error on steal attempt, E2
Kurt Walter to third
1-2: Fly out, F6 (Line Drive, 6)
Batting: RHB Jason Saunders 0-0: Ball
1-0: Swinging Strike
1-1: Called Strike
1-2: Ball
2-2: Fly out, F9 (Flyball, 9LS)
Top of the 2nd over - 0 run(s), 1 hit(s), 1 error(s), 1 left on base; Tuscaloosa 2 - Portland 0
BOTTOM OF THE 2ND
Portland Privateers batting - Pitching for Tuscaloosa Trout Slayers : LHP José Acevedo
Batting: LHB Jeff Dorney 0-0: Ball
1-0: Called Strike
1-1: Ball
2-1: Swinging Strike
2-2: Strikes out swinging
Batting: RHB José Balina 0-0: Ball
1-0: Called Strike
1-1: Swinging Strike
1-2: Foul Ball, location: 2F
1-2: Ground out 1-3 (Groundball, P)
Batting: RHB Dave Nelson 0-0: Ball
1-0: Ball
2-0: Ground out 4-3 (Groundball, 34D)
Bottom of the 2nd over - 0 run(s), 0 hit(s), 0 error(s), 0 left on base; Tuscaloosa 2 - Portland 0
TOP OF THE 3RD
Tuscaloosa Trout Slayers batting - Pitching for Portland Privateers : RHP Héctor Negrón
Batting: RHB José Fernández 0-0: SOLO HOME RUN (Flyball, 8LD), Distance : 413 ft
Batting: LHB Marcos Villarreal 0-0: Foul Ball, location: 2F
0-1: Reached on error, E4 (Groundball, 4)
Batting: LHB Ed Hart 0-0: Ball
1-0: Ball
2-0: Fly out, F7 (Flyball, 7S)
Batting: RHB Shigemasa Ishida 0-0: Foul Ball, location: 2F
0-1: Called Strike
0-2: Ball
1-2: Foul Ball, location: 2F
1-2: Foul Ball, location: 2F
1-2: Foul Ball, location: 2F
Balk!
Marcos Villarreal to second
1-2: Fly out, F8 (Line Drive, 8LS)
Batting: RHB Jason Erickson 0-0: Ball
1-0: Ground out U3 (Groundball, 3S)
Top of the 3rd over - 1 run(s), 1 hit(s), 1 error(s), 1 left on base; Tuscaloosa 3 - Portland 0
BOTTOM OF THE 3RD
Portland Privateers batting - Pitching for Tuscaloosa Trout Slayers : LHP José Acevedo
Batting: RHB Luis Pineda 0-0: Ball
1-0: Called Strike
1-1: Ball
2-1: Foul Ball, location: 2F
2-2: Strikes out swinging
Batting: LHB Pedro Padilla 0-0: Ball
1-0: Ball
2-0: Ball
3-0: Called Strike
3-1: Called Strike
3-2: Foul Ball, location: 2F
3-2: Ground out 3-1 (Groundball, 34)
Batting: SHB Patrick Larson 0-0: SINGLE (Line Drive, 34D)
Batting: RHB Joe Bailey 0-0: Swinging Strike
0-1: Ball
1-1: Called Strike
1-2: Fly out, F5 (Line Drive, 5)
Bottom of the 3rd over - 0 run(s), 1 hit(s), 0 error(s), 1 left on base; Tuscaloosa 3 - Portland 0
TOP OF THE 4TH
Tuscaloosa Trout Slayers batting - Pitching for Portland Privateers : RHP Héctor Negrón
Batting: RHB Juan Reyes 0-0: Foul Ball, location: 2F
0-1: Ball
1-1: Ball
2-1: Foul Ball, location: 2F
2-2: Fly out, F7 (Flyball, 78D)
Batting: RHB Kurt Walter 0-0: Swinging Strike
0-1: Called Strike
0-2: Ball
1-2: Fly out, F8 (Flyball, 8LM)
Batting: RHB Tetsunori Ito 0-0: SINGLE (Groundball, 6MD)
Batting: RHB Jason Saunders 0-0: Ball
1-0: Ball
2-0: SINGLE (Line Drive, 3D)
Tetsunori Ito to second
Runner from 2nd tries for 3rd, SAFE, throw made to third
Jason Saunders to second
Batting: RHB José Fernández 0-0: Ball
1-0: Ball
2-0: Called Strike
2-1: Called Strike
2-2: Foul Ball, location: 2F
2-2: Ground out 6-3 (Groundball, 6)
Top of the 4th over - 0 run(s), 2 hit(s), 0 error(s), 2 left on base; Tuscaloosa 3 - Portland 0
BOTTOM OF THE 4TH
Portland Privateers batting - Pitching for Tuscaloosa Trout Slayers : LHP José Acevedo
Batting: LHB Carter Sweet 0-0: SINGLE (Flyball, 78S)
Batting: SHB Eric Pimentel 0-0: Called Strike
0-1: Swinging Strike
0-2: Strikes out swinging
Batting: LHB Jeff Dorney 0-0: Ball
1-0: Called Strike
1-1: Ball
2-1: Swinging Strike
2-2: Foul Ball, location: 2F
2-2: Strikes out swinging
Batting: RHB José Balina 0-0: Called Strike
0-1: Foul Ball, location: 2F
0-2: Ball
1-2: Ball
2-2: Ball
3-2: Ground out 6-3 (Groundball, 6)
Bottom of the 4th over - 0 run(s), 1 hit(s), 0 error(s), 1 left on base; Tuscaloosa 3 - Portland 0
TOP OF THE 5TH
Tuscaloosa Trout Slayers batting - Pitching for Portland Privateers : RHP Héctor Negrón
Batting: LHB Marcos Villarreal 0-0: Called Strike
0-1: Swinging Strike
0-2: Ball
1-2: Ground out 4-3 (Groundball, 4)
Batting: LHB Ed Hart 0-0: Ball
1-0: Swinging Strike
1-1: Foul Ball, location: 2F
1-2: Foul Ball, location: 2F
1-2: Strikes out swinging
Batting: RHB Shigemasa Ishida 0-0: Foul Ball, location: 2F
0-1: Foul Ball, location: 2F
0-2: Foul Ball, location: 2F
0-2: Strikes out swinging
Top of the 5th over - 0 run(s), 0 hit(s), 0 error(s), 0 left on base; Tuscaloosa 3 - Portland 0
BOTTOM OF THE 5TH
Portland Privateers batting - Pitching for Tuscaloosa Trout Slayers : LHP José Acevedo
Batting: RHB Dave Nelson 0-0: Ball
1-0: Called Strike
1-1: Foul Ball, location: 2F
1-2: Ground out 5-3 (Groundball, 56)
Batting: RHB Luis Pineda 0-0: Called Strike
0-1: Foul Ball, location: 2F
0-2: Ball
1-2: Strikes out looking
Batting: LHB Pedro Padilla 0-0: Ball
1-0: Ball
2-0: Ball
3-0: Called Strike
3-1: Fly out, F5 (Popup, 5L)
Bottom of the 5th over - 0 run(s), 0 hit(s), 0 error(s), 0 left on base; Tuscaloosa 3 - Portland 0
TOP OF THE 6TH
Tuscaloosa Trout Slayers batting - Pitching for Portland Privateers : RHP Héctor Negrón
Pitching: LHP Mike Campbell
Batting: RHB Jason Erickson 0-0: Ball
1-0: Ball
2-0: Called Strike
2-1: Ball
3-1: Called Strike
3-2: SINGLE (Groundball, 56D)
Batting: RHB Juan Reyes 0-0: Foul Ball, location: 2F
0-1: Called Strike
0-2: Ball
1-2: Grounds into double play, 4-6-3 (Groundball, 4)
Batting: RHB Kurt Walter 0-0: Ground out 5-3 (Groundball, 56)
Top of the 6th over - 0 run(s), 1 hit(s), 0 error(s), 0 left on base; Tuscaloosa 3 - Portland 0
BOTTOM OF THE 6TH
Portland Privateers batting - Pitching for Tuscaloosa Trout Slayers : LHP José Acevedo
Batting: SHB Patrick Larson 0-0: Ground out U3 (Groundball, 2R)
Batting: RHB Joe Bailey 0-0: Ball
1-0: Swinging Strike
1-1: Ground out 4-3 (Groundball, 4)
Batting: LHB Carter Sweet 0-0: Called Strike
0-1: Foul Ball, location: 2F
0-2: Ball
1-2: Foul Ball, location: 2F
1-2: Fly out, F9 (Flyball, 9S)
Bottom of the 6th over - 0 run(s), 0 hit(s), 0 error(s), 0 left on base; Tuscaloosa 3 - Portland 0
TOP OF THE 7TH
Tuscaloosa Trout Slayers batting - Pitching for Portland Privateers : LHP Mike Campbell
Batting: RHB Tetsunori Ito 0-0: Ball
1-0: Ball
2-0: Ball
3-0: Called Strike
3-1: Base on Balls
Batting: RHB Jason Saunders 0-0: Sac Bunt - play at first, batter OUT! 3-4
Tetsunori Ito to second
Batting: RHB José Fernández 0-0: Intentional Walk
Batting: LHB Marcos Villarreal 0-0: Swinging Strike
0-1: SINGLE (Groundball, 56D)
Tetsunori Ito to third
José Fernández to second
Runner from 3rd tries for Home, SAFE, no throw
Batting: LHB Ed Hart 0-0: Ball
Pickoff Throw to Second - Error! E1
José Fernández to third
Marcos Villarreal to second
1-0: Ball
2-0: Called Strike
2-1: SINGLE (Groundball, 6MD)
José Fernández scores
Marcos Villarreal to third
Pitching: RHP Neal Dillard
Batting: RHB Shigemasa Ishida 0-0: Ball
1-0: Fly out, F8 (Flyball, 8LD)
Runner from 3rd tags up, SCORES, no throw
Batting: RHB Jason Erickson 0-0: Called Strike
0-1: Ball
1-1: Fly out, F6 (Line Drive, 6)
Top of the 7th over - 3 run(s), 2 hit(s), 1 error(s), 1 left on base; Tuscaloosa 6 - Portland 0
BOTTOM OF THE 7TH
Portland Privateers batting - Pitching for Tuscaloosa Trout Slayers : LHP José Acevedo
Batting: SHB Eric Pimentel 0-0: Ball
1-0: Called Strike
1-1: SINGLE (Groundball, 34D)
Batting: LHB Jeff Dorney 0-0: Ball
1-0: Ball
2-0: Foul Ball, location: 2F
2-1: SINGLE (Groundball, 5) (infield hit)
Eric Pimentel to second
Batting: RHB José Balina 0-0: Swinging Strike
0-1: Ball
1-1: Ball
2-1: Ball
3-1: TRIPLE (Flyball, 9LS)
Eric Pimentel scores
Jeff Dorney scores
Pitching: RHP Jimmy Bradley
Batting: RHB Dave Nelson 0-0: Ball
1-0: Foul Ball, location: 2F
1-1: Ball
2-1: SINGLE (Flyball, 8RS)
José Balina scores
Batting: RHB Luis Pineda 0-0: Called Strike
0-1: Called Strike
0-2: Foul Ball, location: 2F
0-2: Ball
1-2: Strikes out swinging
Batting: LHB Pedro Padilla 0-0: Ball
Dave Nelson steals 2nd base
1-0: Swinging Strike
1-1: SINGLE (Groundball, 5D)
Dave Nelson to third
Runner from 3rd tries for Home, SAFE, no throw
Batting: SHB Patrick Larson 0-0: Called Strike
0-1: Ground out 5-3 (Groundball, 5L)
Pedro Padilla to second
Batting: RHB Joe Bailey 0-0: Called Strike
0-1: Ball
1-1: Foul Ball, location: 2F
1-2: Foul Ball, location: 2F
1-2: Reached via error on a dropped throw, E1
Pedro Padilla to third
Pitching: LHP Dave Blackwell
Batting: LHB Carter Sweet 0-0: Fly out, F8 (Flyball, 8RS)
Bottom of the 7th over - 4 run(s), 5 hit(s), 1 error(s), 2 left on base; Tuscaloosa 6 - Portland 4
TOP OF THE 8TH
Tuscaloosa Trout Slayers batting - Pitching for Portland Privateers : RHP Neal Dillard
Batting: RHB Juan Reyes 0-0: Called Strike
0-1: Ball
1-1: Called Strike
1-2: Ball
2-2: Ball
3-2: Foul Ball, location: 2F
3-2: Base on Balls
Batting: RHB Kurt Walter 0-0: Sac Bunt - play at second, runner OUT! 1-6
Batting: RHB Tetsunori Ito 0-0: Ball
1-0: Ball
2-0: Fly out, F4 (Line Drive, 34)
Batting: RHB Jason Saunders 0-0: Called Strike
Kurt Walter steals 2nd base
0-1: Ball
1-1: Ball
2-1: Foul Ball, location: 2F
2-2: Ball
3-2: Foul Ball, location: 2F
3-2: Base on Balls
Batting: RHB José Fernández 0-0: Called Strike
0-1: Called Strike
0-2: Strikes out looking
Top of the 8th over - 0 run(s), 0 hit(s), 0 error(s), 2 left on base; Tuscaloosa 6 - Portland 4
BOTTOM OF THE 8TH
Portland Privateers batting - Pitching for Tuscaloosa Trout Slayers : LHP Dave Blackwell
Now in CF: Lynn Ford
Batting: SHB Eric Pimentel 0-0: Foul Ball, location: 2F
0-1: Foul Ball, location: 2F
0-2: Strikes out swinging
Pitching: LHP Aaron Gibbs
Batting: LHB Jeff Dorney 0-0: Called Strike
0-1: SINGLE (Line Drive, 34D)
Batting: RHB José Balina 0-0: Ball
1-0: Swinging Strike
1-1: Ball
2-1: Called Strike
2-2: Ground out 5-3 (Groundball, 56S)
Jeff Dorney to second
Batting: RHB Dave Nelson 0-0: Called Strike
0-1: Swinging Strike
0-2: Ground out 6-3 (Groundball, 6S)
Bottom of the 8th over - 0 run(s), 1 hit(s), 0 error(s), 1 left on base; Tuscaloosa 6 - Portland 4
TOP OF THE 9TH
Tuscaloosa Trout Slayers batting - Pitching for Portland Privateers : RHP Neal Dillard
Batting: LHB Marcos Villarreal 0-0: Foul Ball, location: 2F
0-1: Fly out, F9 (Flyball, 9LSF)
Batting: LHB Ed Hart 0-0: Called Strike
0-1: Ground out 3-1 (Groundball, 34)
Batting: RHB Shigemasa Ishida 0-0: Ball
1-0: Ball
2-0: Called Strike
2-1: Foul Ball, location: 2F
2-2: Foul Ball, location: 2F
2-2: Foul Ball, location: 2F
2-2: Strikes out swinging
Top of the 9th over - 0 run(s), 0 hit(s), 0 error(s), 0 left on base; Tuscaloosa 6 - Portland 4
BOTTOM OF THE 9TH
Portland Privateers batting - Pitching for Tuscaloosa Trout Slayers : LHP Aaron Gibbs
Pitching: RHP John Charles
Batting: RHB Luis Pineda 0-0: Ball
1-0: Foul Ball, location: 2F
1-1: Ball
2-1: Ball
3-1: Base on Balls
Batting: LHB Pedro Padilla 0-0: Ball
1-0: Grounds into double play, 6-4-3 (Groundball, 6)
Batting: SHB Patrick Larson 0-0: Fly out, F9 (Flyball, 89M)
Bottom of the 9th over - 0 run(s), 0 hit(s), 0 error(s), 0 left on base; Tuscaloosa 6 - Portland 4
Tuesday, August 8th, 2017 - OOTP Baseball 17.12 Build 75